 Dungeon Crawl Stone Soup version 0.25-a0-425-g0e000e855e (webtiles) character file.

Game seed: 5433469712478041844, levelgen mode: deterministic

5880 Conn the Digger (level 10, -3/66 HPs)
             Began as an Octopode Earth Elementalist on Jan 24, 2020.
             Was a Follower of Sif Muna.
             Slain by an unseen horror (10 damage)
             ... on level 10 of the Dungeon.
             The game lasted 00:51:03 (12503 turns).

Conn the Digger (Octopode Earth Elementalist)      Turns: 12503, Time: 00:51:04

Health: -3/66      AC:  4    Str:  9    XL:     10   Next: 81%
Magic:  21/21      EV: 15    Int: 18    God:    Sif Muna [*.....]
Gold:   585        SH:  7    Dex: 14    Spells: 1/23 levels left

rFire    . . .     SeeInvis .   o - +6 dagger (protect)
rCold    . . .     Gourm    .   f - +2 buckler
rNeg     . . .     Faith    .   (helmet restricted)
rPois    +         Spirit   .   v - amulet of magic regeneration
rElec    .         Reflect  .   j - +3 ring of protection
rCorr    .         Harm     .   (no ring)
MR       .....                  (no ring)
Stlth    ++++......             (no ring)
HPRegen  0.21/turn              (no ring)
MPRegen  0.42/turn              (no ring)
                                (no ring)
                                (no ring)

@: very slightly contaminated, hasted, very quick
A: almost no armour, stealthy swim, amphibious, 8 rings, constrict 8, camouflage
1, poison resistance, gelatinous body 1
a: Channel Magic, Renounce Religion


You were on level 10 of the Dungeon.
You worshipped Sif Muna.
Sif Muna was aware of your devotion.
You were very hungry.

You visited 2 branches of the dungeon, and saw 11 of its levels.

You collected 585 gold pieces.

Inventory:

Hand Weapons
 h - a +2 rapier of draining
 o - a +6 dagger of protection (weapon)
 J - a +0 dagger of freezing
Missiles
 b - 168 stones (quivered)
 d - 2 throwing nets
 g - 13 boomerangs
 l - 64 sling bullets
Armour
 f - a +2 buckler (worn)
Jewellery
 j - a +3 ring of protection (left tentacle)
 v - an amulet of magic regeneration (around mantle)
 y - an uncursed amulet of rage
 D - an uncursed amulet of faith
Wands
 p - a wand of enslavement (13)
 r - a wand of flame (20)
 G - a wand of acid (9)
Scrolls
 k - 5 scrolls of remove curse
 q - 10 scrolls of identify
 s - a scroll of magic mapping
 t - a scroll of teleportation
 z - 2 scrolls of amnesia
 K - a scroll of fear
Potions
 a - a potion of magic {unknown}
 e - a potion of lignification {unknown}
 i - a potion of haste
 m - 2 potions of flight
 n - a potion of degeneration {unknown}
 w - 2 potions of brilliance
 x - 3 potions of curing
 A - a potion of might
 B - a potion of berserk rage {unknown}
Comestibles
 c - 27 rations


   Skills:
 * Level 5.0 Fighting
 + Level 3.0 Short Blades
 + Level 0.1 Throwing
 + Level 4.0 Dodging
 + Level 5.6 Stealth
 * Level 4.7 Shields
 * Level 7.4 Spellcasting
 * Level 4.4 Conjurations
 + Level 2.8 Translocations
 + Level 2.4 Transmutations
 + Level 2.4 Air Magic
 * Level 7.9 Earth Magic
 + Level 2.5 Poison Magic


You had one spell level left.
You knew the following spells:

 Your Spells              Type           Power        Failure   Level  Hunger
a - Sandblast             Erth           #####.       1%          1    None
b - Passwall              Tmut/Erth      ####....     1%          2    None
c - Stone Arrow           Conj/Erth      ####..       2%          3    #......
d - Petrify               Tmut/Erth      ####....     12%         4    ###....
e - Blink                 Tloc           N/A          4%          2    None
f - Mephitic Cloud        Conj/Pois/Air  ###.....     9%          3    #......
g - Call Imp              Summ           #.......     16%         2    None
h - Lee's Rapid Deconstr  Erth           #####.....   11%         5    #####..

Your spell library contained the following spells:

 Spells                   Type           Power        Failure   Level  Hunger
 Magic Dart               Conj           ###.         1%          1    None
 Conjure Flame            Conj/Fire      ##......     13%         3    #......
 Slow                     Hex            #.......     16%         2    None


Dungeon Overview and Level Annotations

Branches:
Dungeon (10/15)            Temple (1/1) D:7            Lair (0/6) D:8
    Orc: D:9-12

Altars:
Cheibriados
Dithmenos
Elyvilon
Gozag
Kikubaaqudgha
Okawaru
Qazlal
Ru
Sif Muna
Uskayaw
Vehumet
Wu Jian
Yredelemnul
Zin
The Shining One


Innate Abilities, Weirdness & Mutations

You cannot wear most types of armour.
You are very stealthy in the water. (Stealth+)
You are amphibious.
You can wear up to eight rings at the same time.
You can use your tentacles to constrict eight enemies at once.
Your skin changes colour to match your surroundings (Stealth+).
Your rubbery body absorbs attacks. (AC +1, EV +1)
Your system is resistant to poisons. (rPois)


Message History

Confirm with . or Enter, or press ? or * to list all spells.
Okay, then.
Unknown command.
Evoke which item? (* to show all) (? for menu, Esc to quit)
Aiming: Corrosive Bolt
Press: ? - help, Shift-Dir - straight line, f - you Something hits you.
Casting: Lee's Rapid Deconstruction (slightly dangerous; 11% risk of failure)
Confirm with . or Enter, or press ? or * to list all spells.
Okay, then.
Unknown command.
You block something's attack. Something hits you!
* * * LOW HITPOINT WARNING * * *
Something hits you.
* * * LOW HITPOINT WARNING * * *
Something hits you!
* * * LOW HITPOINT WARNING * * *
Something hits you!
You die...

#.....(..# #'### #...#
#.####### ###.#### #..^8^..#
#....## ##.# ####..#
###+##..############'## ###
#......<.##...........# ..###
#.......@#............# ..'.###
#.....................#
..#...###........##...........#
..###...'..>.....##...........#
### #####........##...........#
#........##...........#
#######################


There were no monsters in sight!

Vanquished Creatures
  A troll (D:10)
  2 dream sheep (D:8)
  A vampire (D:9)
  8 yaks
  2 wyverns
  A hungry ghost (D:10)
  2 wargs (D:8)
  A water moccasin (D:9)
  2 ice beasts
  An orc warrior (D:8)
  An eye of draining (D:9)
  2 sky beasts
  2 phantoms
  A black bear (D:7)
  5 ogres
  A centaur (D:8)
  6 big kobolds
  2 bullfrogs
  A wyvern skeleton (D:9)
  8 killer bees
  A howler monkey (D:6)
  4 wights (D:8)
  A quasit (D:7)
  2 crimson imps
  5 hounds
  A bullfrog skeleton (D:8)
  A jelly (D:9)
  5 orc priests (D:8)
  3 orc wizards
  3 iguanas
  4 worker ants
  A hound zombie (D:7)
  A hound skeleton (D:6)
  3 worker ant zombies
  6 adders
  A howler monkey skeleton (D:6)
  A shadow imp (D:7)
  An ooze (D:3)
  An adder skeleton (D:4)
  An adder zombie (D:6)
  2 worms
  4 dart slugs
  8 leopard geckos
  21 orcs
  8 bats
  5 giant cockroaches
  9 goblins
  6 hobgoblins
  3 jackals (D:3)
  19 kobolds
  3 quokkas
  2 ball pythons (D:3)
  5 frilled lizards
  A jackal skeleton (D:4)
  11 rats
203 creatures vanquished.

Vanquished Creatures (others)
  A killer bee (D:10)
  A ball python (D:1)
2 creatures vanquished.

Grand Total: 205 creatures vanquished

Notes
Turn   | Place    | Note
-------+----------+-------------------------------------------
     0 | D:1      | Conn the Octopode Earth Elementalist began the quest for
                  | the Orb.
     0 | D:1      | Reached XP level 1. HP: 11/11 MP: 3/3
   190 | D:1      | Reached XP level 2. HP: 10/17 MP: 5/5
   326 | D:1      | Learned a level 2 spell: Passwall
   908 | D:1      | Reached skill level 1 in Fighting
   908 | D:1      | Reached XP level 3. HP: 16/23 MP: 3/6
  1096 | D:1      | Learned a level 3 spell: Stone Arrow
  2382 | D:2      | Reached XP level 4. HP: 28/28 MP: 7/7
  2453 | D:2      | Reached skill level 1 in Shields
  3169 | D:3      | Noticed a phantom
  3246 | D:3      | Reached XP level 5. HP: 33/33 MP: 9/9
  3594 | D:3      | Learned a level 4 spell: Petrify
  3629 | D:4      | Found a snail-covered altar of Cheibriados.
  3682 | D:4      | Noticed an ogre
  3685 | D:4      | Killed an ogre
  3685 | D:4      | Reached skill level 1 in Short Blades
  3685 | D:4      | Reached XP level 6. HP: 39/39 MP: 5/10
  3871 | D:4      | Noticed a phantom
  3889 | D:4      | Killed a phantom
  4617 | D:5      | Entered Level 5 of the Dungeon
  4653 | D:5      | Learned a level 2 spell: Blink
  5618 | D:6      | Reached XP level 7. HP: 45/45 MP: 9/12
  5866 | D:6      | Reached skill level 5 in Earth Magic
  5936 | D:6      | Reached skill level 1 in Translocations
  5936 | D:6      | Reached XP level 8. HP: 28/51 MP: 14/14
  6650 | D:7      | Found an opulent altar of Gozag.
  6839 | D:7      | Learned a level 3 spell: Mephitic Cloud
  7289 | D:7      | Reached skill level 1 in Air Magic
  7298 | D:7      | Reached skill level 1 in Conjurations
  7709 | D:7      | Found a staircase to the Ecumenical Temple.
  7737 | Temple   | Entered the Ecumenical Temple
  7781 | Temple   | Became a worshipper of Sif Muna the Loreminder
  7853 | D:7      | Reached skill level 1 in Poison Magic
  8003 | D:7      | Reached XP level 9. HP: 22/56 MP: 8/16
  8435 | D:8      | Learned a level 2 spell: Call Imp
  8536 | D:8      | Reached skill level 5 in Spellcasting
  8828 | D:8      | Noticed a two-headed hydra
  9079 | D:8      | Found a staircase to the Lair.
  9245 | D:8      | Reached skill level 5 in Stealth
  9290 | D:8      | Reached * piety under Sif Muna
  9663 | D:8      | Reached XP level 10. HP: 64/64 MP: 14/18
 10052 | D:7      | Learned a level 5 spell: Lee's Rapid Deconstruction
 10473 | D:8      | Found a shadowy altar of Dithmenos.
 10473 | D:8      | Found a stormy altar of Qazlal.
 10551 | D:8      | Found a glowing golden altar of the Shining One.
 10669 | D:8      | Found a sacrificial altar of Ru.
 11008 | D:9      | Gained mutation: One of your tentacles bears a spike.
                  | [potion of mutation]
 11008 | D:9      | Gained mutation: You are frail. (-10% HP) [potion of
                  | mutation]
 11008 | D:9      | Gained mutation: You are partially covered in thin metallic
                  | scales. (AC +2) [potion of mutation]
 11009 | D:9      | Lost mutation: One of your tentacles bears a spike. [potion
                  | of mutation]
 11009 | D:9      | Lost mutation: You are frail. (-10% HP) [potion of
                  | mutation]
 11009 | D:9      | Lost mutation: You are partially covered in thin metallic
                  | scales. (AC +2) [potion of mutation]
 11009 | D:9      | Gained mutation: You are weak. (Str -2) [potion of
                  | mutation]
 11009 | D:9      | Lost mutation: You are weak. (Str -2) [potion of mutation]
 11009 | D:9      | Gained mutation: Your system is resistant to poisons.
                  | (rPois) [potion of mutation]
 11706 | D:9      | Reached ** piety under Sif Muna
 11706 | D:9      | Reached skill level 5 in Fighting
 11999 | D:10     | Entered Level 10 of the Dungeon
 12503 | D:10     | Slain by an unseen horror

Levels and vault maps discovered:
D:1:      eino_arrival_water_cross, layout_loops_corners, minmay_domino_2
D:2:      layout_loops_cross, first_ration, grunt_ministairs_4, wad_orctagon
D:3:      layout_loops_cross, lightli_corner_chamber
D:4:      layout_basic, overflow_temple_1_default, kennysheep_nub,
          grunt_decor_arrowhead, minmay_parallelograms, serial_park_tiny_pond
D:5:      layout_loops_cross, hangedman_decor_push
D:6:      layout_basic, minmay_misc_feat_secret_circle
D:7:      layout_basic, old_standard_altar, minmay_temple_entry_poolview
D:8:      layout_loops_ring, nicolae_ru_path_of_blood,
          gammafunk_temple_overflow_elements, erik_lair_orcish_takeover,
          hangedman_ranch [blue_anna_fruit_fields], nicolae_tso_carved_into_rock
D:9:      layout_roguey
D:10:     layout_roguey, minmay_variable_closet, ebering_dispersal_statue_hall,
          lightli_fourway_metalbox
Temple:   minmay_crystal_spiral_temple

Skill      XL: |  1  2  3  4  5  6  7  8  9 10 |
---------------+-------------------------------+-----
Fighting       | 1 2 3 4 5 |  5.0
Shields        | 1 2 3 4 |  4.7
Stealth        | 3 4 5 |  5.6
Spellcasting   | 3 4 5 7 |  7.4
Short Blades   | 1 2 3 |  3.0
Earth Magic    | 4 5 6 7 |  7.9
Transmutations | 2 |  2.4
Translocations | 1 2 |  2.8
Dodging        | 3 4 |  4.0
Air Magic      | 1 2 |  2.4
Conjurations   | 1 3 4 |  4.4
Poison Magic   | 1 2 |  2.5
Throwing       | |  0.1

Action                   |  1- 3 |  4- 6 |  7- 9 | 10-12 || total
-------------------------+-------+-------+-------+-------++-------
Melee: Unarmed           |    30 |       |       |       ||    30
       Tentacles         |    10 |     9 |    47 |    19 ||    85
       Constrict         |    13 |    20 |    37 |     9 ||    79
       Short sword       |    28 |     5 |       |       ||    33
       Dagger            |       |    90 |   191 |   111 ||   392
       Rapier            |       |       |       |    17 ||    17
Throw: Boomerang         |       |       |     3 |       ||     3
 Cast: Sandblast         |    44 |    43 |    95 |    21 ||   203
       Stone Arrow       |       |     1 |     7 |     8 ||    16
       Blink             |       |     1 |     4 |       ||     5
       Mephitic Cloud    |       |       |     9 |     5 ||    14
       Petrify           |       |       |     4 |     4 ||     8
       Call Imp          |       |       |     1 |       ||     1
       Lee's Rapid Decon |       |       |       |    12 ||    12
Evoke: Wand              |       |       |     2 |     1 ||     3
  Use: Scroll            |     2 |     4 |     6 |    11 ||    23
       Potion            |       |     4 |     1 |     8 ||    13
 Stab: Sleeping          |     6 |    12 |     5 |     7 ||    30
       Distracted        |       |     1 |       |     1 ||     2
       Confused          |       |       |     6 |     2 ||     8
       Petrifying        |       |       |       |     1 ||     1
  Eat: Chunk             |     5 |     6 |    12 |     4 ||    27
       Ration            |       |     1 |     1 |     3 ||     5
Armor: Skin              |     7 |    27 |    57 |    30 ||   121
Dodge: Dodged            |    44 |    88 |   117 |    65 ||   314
Block: Buckler           |     3 |    12 |    39 |    45 ||    99

Table legend:
 A = Non-vault XP
 B = Vault XP
 C = Vault XP percentage of total XP
 D = Non-vault monster count
 E = Vault monster count
 F = Vault count percentage of total count
                 A         B        C        D         E       F
            +---------+---------+-------+---------+---------+-------
      Total |    6529 |    1871 |  22.3 |     180 |      24 |  11.8
            +---------+---------+-------+---------+---------+-------
        D:1 |      40 |       1 |   2.4 |      24 |       1 |   4.0
        D:2 |      56 |      15 |  21.1 |      22 |       6 |  21.4
        D:3 |      60 |       0 |   0.0 |      21 |       0 |   0.0
        D:4 |     421 |       0 |   0.0 |      17 |       0 |   0.0
        D:5 |      18 |       0 |   0.0 |       2 |       0 |   0.0
        D:6 |     612 |       0 |   0.0 |      12 |       0 |   0.0
        D:7 |    1384 |       0 |   0.0 |      36 |       0 |   0.0
        D:8 |    1913 |    1809 |  48.6 |      26 |      16 |  38.1
        D:9 |    1262 |       0 |   0.0 |      13 |       0 |   0.0
       D:10 |     763 |      46 |   5.7 |       7 |       1 |  12.5
            +---------+---------+-------+---------+---------+-------
